 Dungeon Crawl Stone Soup version 0.30-a0-989-g0d87f670db (webtiles) character file.

Game seed: 1606779956626342113

4448 Sobieck the Scholar of Death (level 10, -13/74 HPs)
             Began as a Mummy Necromancer on Apr 2, 2023.
             Was a Follower of Kikubaaqudgha.
             Mangled by a swamp worm (19 damage)
             ... on level 8 of the Dungeon.
             The game lasted 00:26:52 (9249 turns).

Sobieck the Scholar of Death (Mummy Necromancer)    Turns: 9249, Time: 00:26:53

Health: -13/74     AC: 13    Str: 13    XL:     10   Next: 15%
Magic:  22/31      EV: 12    Int: 24    God:    Kikubaaqudgha [*.....]
Gold:   199        SH:  0    Dex: 12    Spells: 12/25 levels left

rFire   x . .      SeeInvis .    J - +1 flail (protect) {mace}
rCold   + . .      Faith    +    (no shield)
rNeg    + + +      Spirit   .    B - +0 acid dragon scales
rPois   ∞          Reflect  .    P - +0 helmet
rElec   .          Rampage  .    A - +1 cloak
rCorr   +                        w - +2 pair of gloves {hurl}
Will    +....                    r - +0 pair of boots
Stlth   +                        F - amulet of regeneration {@e2}
HPRegen 1.12/turn                x - ring of magical power
MPRegen 0.22/turn                u - +6 ring of intelligence

@: very slow
A: cold resistance 1, negative energy resistance 3, torment resistance 2, heat
vulnerability 1, in touch with death 1, no potions, faith
a: Renounce Religion, Unearth Wretches


You were on level 8 of the Dungeon.
You worshipped Kikubaaqudgha.
Kikubaaqudgha was aware of your devotion.
You visited 2 branches of the dungeon, and saw 9 of its levels.
You also visited: Sewer and Ossuary.

You collected 567 gold pieces.
You spent 368 gold pieces at shops.


Innate Abilities, Weirdness & Mutations

You are immune to poison.
Your flesh is cold resistant. (rC+)
You are immune to negative energy. (rN+++)
You are immune to unholy pain and torment.
You are vulnerable to heat. (rF-)
You are in touch with the powers of death.
You do not drink.
You have a special connection with the divine. (Faith)


   Skills:
 + Level 5.5 Fighting
 + Level 5.0 Dodging
 - Level 1.5 Stealth
 - Level 8.0 Spellcasting
 + Level 11.4 Necromancy


You had 12 spell levels left.
You knew the following spells:

 Your Spells              Type           Power      Damage    Failure   Level
a - Necrotise             Necr           100%       1d9       1%          1
b - Vampiric Draining     Necr           77%        2d11      1%          3
c - Animate Dead          Necr           77%        N/A       1%          4
d - Agony                 Necr           77%        N/A       2%          5

Your spell library contained the following spells:

 Spells                   Type           Power      Damage    Failure   Level
 Kiss of Death            Conj/Necr      100%       2d13      1%          1
 Cigotuvi's Dreadful Rot  Necr/Pois/Air  82%        N/A       3%          2
 Magic Dart               Conj           36%        1d4       10%         1
 Searing Ray              Conj           18%        2d5       14%         2
 Dazzling Flash           Conj/Hex       18%        N/A       28%         3
 Ignite Poison            Fire/Tmut/Pois 9%         N/A       28%         3
 Tukima's Dance           Hex            9%         N/A       28%         3
 Fulminant Prism          Conj/Hex       4%         3d5       67%         4
 Iskenderun's Mystic Bla  Conj/Tloc      9%         2d4       67%         4
 Passage of Golubria      Tloc           9%         N/A       67%         4
 Sticky Flame             Conj/Fire      9%         2d3       67%         4
 Yara's Violent Unravell  Hex/Tmut       4%         3d4       95%         5
 Starburst                Conj/Fire      4%         6d4       100%        6
 Ignition                 Fire           4%         3d4       100%        8

Inventory:

Hand Weapons
 d - a +0 dagger {short}
   (You took it off a goblin on level 1 of the Dungeon)
 f - a +0 club {mace}
   (You took it off a goblin on level 1 of the Dungeon)
 i - a +3 dagger {short}
   (You took it off an orc wizard on level 4 of the Dungeon)
 k - a +0 dagger {short}
   (You took it off a goblin on level 1 of the Dungeon)
 l - a +0 club {mace}
   (You took it off a goblin on level 1 of the Dungeon)
 o - a +0 dagger {short}
   (You found it on level 1 of the Dungeon)
 p - a +0 short sword {short}
   (You took it off a kobold on level 1 of the Dungeon)
 t - a +0 long sword {long}
   (You found it on level 2 of the Dungeon)
 J - a +1 flail of protection (weapon) {mace}
   (You took it off a gnoll on level 4 of the Dungeon)
 M - a +1 heavy spear {polearm}
   (You found it on level 3 of the Dungeon)
 O - a +0 hand axe {axe}
   (You found it on level 3 of the Dungeon)
 Q - a +0 vampiric dagger {short}
   (You took it off a goblin on level 3 of the Dungeon)
 R - a +0 sling
   (You took it off a goblin on level 3 of the Dungeon)
 X - a +0 mace {mace}
   (You took it off an orc on level 4 of the Dungeon)
 Z - a +0 club {mace}
   (You took it off an orc on level 4 of the Dungeon)
Missiles
 e - 47 stones {throwing}
 m - 7 boomerangs {throwing}
 L - 6 poisoned darts {throwing}
 V - a throwing net {=f!fthrowing}
 Y - 3 silver boomerangs {throwing}
Armour
 a - a +0 robe
 b - a +0 plate armour
   (You found it on level 1 of the Dungeon)
 c - a +0 robe
   (You found it on level 1 of the Dungeon)
 j - a +0 leather armour
   (You took it off an orc on level 4 of the Dungeon)
 r - a +0 pair of boots (worn)
   (You found it on level 2 of the Dungeon)
 w - a +2 pair of gloves of hurling (worn)
   (You found it on level 2 of the Dungeon)
 z - a +0 ring mail
   (You found it on level 2 of the Dungeon)
 A - a +1 cloak (worn)
   (You found it on level 6 of the Dungeon)
 B - +0 acid dragon scales (worn)
   (You took it off Maggie on level 7 of the Dungeon)
 E - a +0 leather armour
   (You found it on level 3 of the Dungeon)
 H - a +0 chain mail
   (You took it off an orc on level 3 of the Dungeon)
 N - a +0 ring mail
   (You found it on level 3 of the Dungeon)
 P - a +0 helmet (worn)
   (You bought it in a shop on level 7 of the Dungeon)
Magical Staves
 h - a staff of poison {!astaff}
   (You found it on level 1 of the Dungeon)
Jewellery
 u - a +6 ring of intelligence (right hand)
   (You found it on level 2 of the Dungeon)
 x - a ring of magical power (left hand)
   (You found it on level 5 of the Dungeon)
 F - an amulet of regeneration (around neck) {@e2}
   (You bought it in a shop on level 7 of the Dungeon)
 U - a ring of flight
   (You found it on level 4 of the Dungeon)
Wands
 I - a wand of roots (11)
   (You found it on level 7 of the Dungeon)
 K - a wand of digging (4)
   (You found it on level 5 of the Dungeon)
Scrolls
 g - 2 scrolls of enchant armour
 n - 4 scrolls of fog
 q - a scroll of amnesia
 s - a scroll of poison
 v - 2 scrolls of blinking {!r}
 y - 3 scrolls of immolation {!r!r}
 C - 2 scrolls of identify {@r1}
 G - 3 scrolls of magic mapping {!r}
 S - a scroll of torment
 T - 2 scrolls of vulnerability {!r!r}
 W - 4 scrolls of teleportation {@r4}
Miscellaneous
 D - a lightning rod (4/4)
   (You found it in a sewer)

Dungeon Overview and Level Annotations

Branches:
Dungeon (8/15) Zot: 26029  Temple (1/1) D:6 Zot: 5933   Sewer (visited)
Ossuary (visited)
   Lair: D:8-11

Altars:
Fedhas
Hepliaklqana
Kikubaaqudgha
Makhleb
Nemelex Xobeh
Qazlal
Ru
Sif Muna
Uskayaw
Wu Jian
Yredelemnul

Shops:
D:7 *

Annotations:
D:5 2 transporters, 1 runed translucent door, Crazy Yiuf; bande's ghost, novice GrFi
D:6 Duvessa

#.........#.........#
#...
#.........###########
#... #####.........#
#... #.............#
##.# #.............#
#.......~.^...#
#.............#
#........~~~~~##
#....Z..~~≈~≈~@###
#...Z.~~~~###~www##
#....~~~###(###≈~~#
#....~≈##~~~~~#~~~#
#....~~#~~~~~~~~~~#
#....~≈##~~~~~#~~~#
###.#~~≈###~###≈~~#
#..#~~~~###~~~~##
##..##~~≈~≈~~.##


You could see 3 swamp worms.


Message History

Your unstable footing causes you to fumble your attack.
The swamp worm bites the plant!
The plant begins to die.
Your yak zombie gores the plant!
The plant begins to die.
Your yak zombie gores the plant.
The swamp worm bites the plant. x2
You sock the plant!
The plant begins to die.
The swamp worm bites the plant.
The swamp worm bites the plant!
Your yak zombie gores the plant! x2
The swamp worm bites the plant.
The swamp worm bites the plant!
Unknown command.
You hit the plant.
Your yak zombie gores the plant! x2
The swamp worm bites the plant!
The swamp worm bites the plant!!
Your yak zombie gores the plant!
You sock the plant!
A nearby plant withers and dies. x3
The swamp worm fires a harpoon shot at you.
The harpoon shot hits you!
You are yanked forward by the harpoon shot.
Splash!
A swamp worm comes into view.
The swamp worm bites you. The swamp worm bites you! The swamp worm bites you.
Unknown command.
You hit the swamp worm but do no damage.
Your weapon exudes an aura of protection.
The swamp worm closely misses you. The swamp worm completely misses you.
Your yak zombie gores the plant.
The plant begins to die.
Your yak zombie gores the plant.
The swamp worm bites you!
* * * LOW HITPOINT WARNING * * *
The swamp worm barely misses you.
Unknown command.
You swap places.
The swamp worm fires a harpoon shot at you.
The harpoon shot hits your yak zombie! The swamp worm bites your yak zombie.
Your yak zombie gores the swamp worm!
Unknown command.
You swap places.
The swamp worm fires a harpoon shot at you.
The harpoon shot hits your yak zombie!! The swamp worm bites your yak zombie!
Your yak zombie is destroyed!
Your yak zombie gores the plant!
The swamp worm bites your yak zombie!!
The swamp worm fires a harpoon shot at you.
The harpoon shot hits your yak zombie!
Unknown command.
A nearby plant withers and dies.
The swamp worm fires a harpoon shot at you.
The harpoon shot hits your yak zombie!
The swamp worm fires a harpoon shot at you.
The harpoon shot hits your yak zombie. Something bites your yak zombie!!
Your yak zombie is destroyed!
The swamp worm bites your yak zombie! The swamp worm bites your yak zombie!!
Something bites your yak zombie!
Your yak zombie is destroyed!
Unknown command.
The swamp worm bites you but does no damage.
The swamp worm fires a harpoon shot at you.
The harpoon shot hits you.
You are yanked forward by the harpoon shot.
Splash!
The swamp worm fires a harpoon shot at you.
The harpoon shot hits you!!
* * * LOW HITPOINT WARNING * * *
You are yanked forward by the harpoon shot.
You violently stop moving!
Splash!
Unknown command.
The swamp worm bites you!
* * * LOW HITPOINT WARNING * * *
The swamp worm bites you but does no damage.
The swamp worm bites you.
* * * LOW HITPOINT WARNING * * *
Unknown command.
Casting: Vampiric Draining (safe; 1% risk of failure)
Confirm with . or Enter, or press ? or * to list all spells.
Aiming: Vampiric Draining (safe; 1% risk of failure)
Press: ? - help, Shift-Dir - straight line, f - swamp worm
Aim: a swamp worm (lightly wounded)
You feel a surge of power!
You draw life force from the swamp worm!
You feel life coursing into your body! The swamp worm bites you!
* * * LOW HITPOINT WARNING * * *
The swamp worm closely misses you.
Casting: Vampiric Draining (safe; 1% risk of failure)
Confirm with . or Enter, or press ? or * to list all spells.
Aiming: Vampiric Draining (safe; 1% risk of failure)
Press: ? - help, Shift-Dir - straight line, f/p - swamp worm
Aim: a swamp worm (heavily wounded)
You feel a surge of power!
You draw life force from the swamp worm!
You feel life coursing into your body! The swamp worm misses you.
The swamp worm bites you!
* * * LOW HITPOINT WARNING * * *
The swamp worm bites you!
* * * LOW HITPOINT WARNING * * *
Casting: Vampiric Draining (safe; 1% risk of failure)
Confirm with . or Enter, or press ? or * to list all spells.
Aiming: Vampiric Draining (safe; 1% risk of failure)
Press: ? - help, Shift-Dir - straight line, f/p - swamp worm
Aim: a swamp worm (almost dead)
You feel a surge of power!
You draw life force from the swamp worm.
You feel life coursing into your body. The swamp worm bites you!!
You die...
Kikubaaqudgha rasps: "You have failed me!
Welcome... oblivion!"

Skill      XL: |  1  2  3  4  5  6  7  8  9 10 |
---------------+-------------------------------+-----
Spellcasting   | 3 4 5 6 8 |  8.0
Necromancy     | 5 6 7 10 11 | 11.4
Fighting       | 2 5 |  5.5
Dodging        | 2 4 5 |  5.0
Stealth        | |  1.5

Action                     |  1- 3 |  4- 6 |  7- 9 | 10-12 || total
---------------------------+-------+-------+-------+-------++-------
  Melee: Unarmed           |     4 |       |       |       ||     4
         Flail             |       |       |   154 |    14 ||   168
         Punch             |       |       |     1 |       ||     1
   Cast: Necrotise         |    73 |   130 |   126 |     4 ||   333
         Vampiric Draining |       |     5 |    47 |     8 ||    60
         Animate Dead      |       |       |     8 |     1 ||     9
         Agony             |       |       |    10 |     1 ||    11
 Invoke: Unearth Wretches  |       |       |     1 |       ||     1
    Use: Scroll            |       |    11 |     1 |       ||    12
   Stab: Sleeping          |       |       |     1 |       ||     1
 Armour: Robe              |     5 |    15 |    96 |       ||   116
         Acid dragon scale |       |       |    27 |     7 ||    34
  Dodge: Dodged            |    10 |    25 |   193 |    14 ||   242

Levels and vault maps discovered:
D:1:      dpeg_arrival_more_subterranean_lakeside_camping, layout_basic,
          shapermc_ecumenical_altar_ellora
D:2:      layout_loops_ring
D:3:      layout_loops_ring, nicolae_qazlal_scattered_showers, tso_altar
D:4:      layout_rooms, grunt_temple_overflow_cloverleaf, hex_large,
          uniq_blork_the_orc
D:5:      layout_basic, yredelemnul_altar_generic, minitemple,
          gammafunk_ghost_smash, portal_sewer_entry_d, grunt_ministairs_11,
          hex_medium, uniq_crazy_yiuf_cottage
D:6:      layout_basic, minmay_temple_entry_fiery, nicolae_ossuary_entry_giza,
          chequers_garden, kennysheep_cross_room, minmay_stone_trees_small,
          hangedman_decor_opposing, hellmonk_bongcloud_opening,
          grunt_decor_mini_mirrors, uniq_duvessa, uniq_grinder, uniq_pikel
D:7:      layout_loops_ring, serial_shops, kennysheep_mini_moat,
          hangedman_abyss_or_decor_stabs, uniq_maggie
D:8:      layout_basic, grunt_temple_overflow_bloody_war,
          grunt_gozag_breadcrumbs, enter_bailey_4, worms_lemuel
Temple:   hellmonk_temple_flake

Notes
Turn   | Place    | Note
-------+----------+-------------------------------------------
     0 | D:1      | Sobieck the Mummy Necromancer began the quest for the Orb.
     0 | D:1      | Reached XP level 1. HP: 13/13 MP: 4/4
   162 | D:1      | Reached skill level 3 in Spellcasting
   180 | D:1      | Reached XP level 2. HP: 19/19 MP: 4/6
   293 | D:1      | You pick up a book of Conjurations {@e2} and begin
                  | reading...
   293 | D:1      | You add the spells Magic Dart, Searing Ray and Fulminant
                  | Prism to your library.
   664 | D:1      | Found a faded altar of an unknown god.
  1060 | D:1      | Gained mutation: You are in touch with the powers of death.
                  | [Mummy growth]
  1060 | D:1      | Reached XP level 3. HP: 24/24 MP: 6/8
  1336 | D:2      | Learned a level 3 spell: Vampiric Draining
  1569 | D:2      | Reached skill level 4 in Spellcasting
  1864 | D:2      | Reached XP level 4. HP: 30/30 MP: 7/10
  2230 | D:3      | Reached skill level 5 in Necromancy
  2534 | D:3      | You pick up a book of Necromancy and begin reading...
  2991 | D:3      | Found a stormy altar of Qazlal.
  3120 | D:4      | Reached XP level 5. HP: 35/35 MP: 6/12
  3333 | D:4      | Reached skill level 5 in Spellcasting
  3353 | D:4      | Found a sparkling altar of Nemelex Xobeh.
  3356 | D:4      | Found a burning altar of Makhleb.
  3443 | D:4      | Found a shimmering blue altar of Sif Muna.
  3939 | D:4      | Reached XP level 6. HP: 41/41 MP: 12/14
  3943 | D:4      | Noticed Blork the orc
  3952 | D:4      | Killed Blork the orc
  3953 | D:4      | Reached skill level 6 in Spellcasting
  3953 | D:4      | Reached skill level 6 in Necromancy
  4320 | D:5      | Entered Level 5 of the Dungeon
  4465 | D:4      | Reached XP level 7. HP: 46/46 MP: 9/17
  4641 | D:5      | Found a transporter.
  4642 | D:5      | Noticed bande's ghost (novice GrFi)
  4643 | D:5      | Found a transporter.
  4646 | D:5      | Identified the +3 dire flail "Fankofie" {holy, rC+ rN+
                  | Dex+3}
  4666 | D:4      | Reached skill level 7 in Spellcasting
  4693 | D:5      | Reached skill level 7 in Necromancy
  4818 | D:5      | Found a glowing drain.
  4827 | Sewer    | Entered a sewer
  4951 | Sewer    | Learned a level 4 spell: Animate Dead
  5103 | Sewer    | Reached skill level 8 in Spellcasting
  5302 | D:5      | Found a basalt altar of Yredelemnul.
  5354 | D:5      | You add the spells Tukima's Dance, Passage of Golubria and
                  | Yara's Violent Unravelling to your library.
  5361 | D:5      | Learned a level 5 spell: Agony
  5376 | D:5      | Found a sacrificial altar of Ru.
  5380 | D:5      | Found an ornate altar of the Wu Jian Council.
  5380 | D:5      | Found a hazy altar of Hepliaklqana.
  5382 | D:5      | Found a blossoming altar of Fedhas.
  5504 | D:5      | Reached XP level 8. HP: 52/52 MP: 20/20
  5555 | D:5      | Reached skill level 8 in Necromancy
  5945 | D:5      | Found a runed translucent door.
  5946 | D:5      | Noticed Crazy Yiuf
  6019 | D:6      | Found a sand-covered staircase.
  6092 | Ossuary  | Entered an ossuary
  6474 | D:6      | You pick up a book of Spectacle and begin reading...
  6474 | D:6      | You add the spells Dazzling Flash, Iskenderun's Mystic
                  | Blast and Starburst to your library.
  6504 | D:6      | Reached skill level 9 in Necromancy
  6607 | D:6      | Noticed Pikel
  6782 | D:5      | Killed Pikel
  6783 | D:5      | Reached skill level 10 in Necromancy
  6783 | D:5      | Reached skill level 1 in Fighting
  6783 | D:5      | Reached skill level 2 in Dodging
  6943 | D:6      | Reached skill level 2 in Fighting
  6943 | D:6      | Reached XP level 9. HP: 52/61 MP: 21/21
  7064 | D:6      | Found a staircase to the Ecumenical Temple.
  7074 | Temple   | Entered the Ecumenical Temple
  7131 | Temple   | Became a worshipper of Kikubaaqudgha
  7175 | D:6      | Noticed Duvessa
  7182 | D:6      | Noticed Dowan
  7340 | D:6      | Killed Dowan
  7445 | D:7      | Reached skill level 3 in Dodging
  7448 | D:7      | Reached skill level 3 in Fighting
  7658 | D:7      | Found Aruwes's Assorted Antiques.
  7663 | D:7      | Noticed Maggie
  7673 | D:7      | Killed Maggie
  7674 | D:7      | Reached skill level 4 in Fighting
  7674 | D:7      | Reached skill level 4 in Dodging
  7772 | D:7      | Bought a scroll of identify for 64 gold pieces
  7772 | D:7      | Bought a triangular fluorescent amulet for 160 gold pieces
  7780 | D:7      | Bought a helmet for 144 gold pieces
  7914 | D:7      | Reached skill level 11 in Necromancy
  8315 | D:8      | You add the spells Ignite Poison, Sticky Flame and Ignition
                  | to your library.
  8326 | D:8      | Reached * piety under Kikubaaqudgha
  8326 | D:8      | You add the spells Kiss of Death and Cigotuvi's Dreadful
                  | Rot to your library.
  8326 | D:8      | Received a gift from Kikubaaqudgha
  8479 | D:8      | Found a flagged portal.
  8716 | D:8      | Reached skill level 5 in Fighting
  8979 | D:8      | Reached XP level 10. HP: 74/74 MP: 19/22
  9081 | D:8      | Reached skill level 5 in Dodging
  9246 | D:8      | HP: 15/74 [swamp worm (6)]
  9248 | D:8      | HP: 3/74 [swamp worm (12)]
  9249 | D:8      | Mangled by a swamp worm

Vanquished Creatures
  Pikel (D:5)
  Maggie (D:7)
  2 hornets
  3 yaks (D:8)
  A water moccasin (D:8)
  A black bear (D:4)
  3 ice beasts
  A centaur (D:7)
  2 ogres
  A lemure (D:5)
  Blork the orc (D:4)
  A phantom (D:5)
  5 bullfrogs
  4 scorpions
  A gnoll sergeant (D:5)
  3 wights
  Dowan (D:6)
  An electric eel (D:8)
  An orc priest (D:8)
  A gnoll bouda (D:4)
  A jelly (D:8)
  2 sleepcaps
  3 iguanas (D:5)
  4 orc wizards
  4 mummies (D:6)
  8 gnolls
  9 adders
  2 ufetubi
  A worm (D:5)
  A dart slug (D:1)
  21 orcs
  6 endoplasms
  10 giant cockroaches
  A gnoll zombie (Ossuary)
  8 goblins
  8 hobgoblins
  4 jackals
  13 quokkas
  15 ball pythons
  5 bats
  11 frilled lizards
  A goblin zombie (D:6)
  3 hobgoblin zombies (Ossuary)
  8 kobolds
  3 orc zombies
  5 rats
192 creatures vanquished.

Vanquished Creatures (collateral kills)
  2 yaks (D:8)
  2 water moccasins (D:7)
  2 dart slugs
  7 orcs
  A ball python (D:2)
  4 endoplasms (Sewer)
  2 giant cockroaches (Sewer)
  A goblin (D:1)
  2 hobgoblins (D:8)
  A quokka (Sewer)
  4 frilled lizards (Sewer)
  A rat (D:1)
29 creatures vanquished.

Vanquished Creatures (others)
  A hornet zombie (D:8)
  3 yak zombies (D:8)
  An orc wizard (D:7)
  An orc (D:8)
  A jackal (D:8)
  2 frilled lizard zombies (Sewer)
  A goblin zombie (D:8)
  2 hobgoblin zombies (D:8)
  2 orc zombies (D:8)
  A quokka zombie (Sewer)
  4 plants (D:8)
19 creatures vanquished.

Grand Total: 240 creatures vanquished

Table legend:
 A = Non-vault XP
 B = Vault XP
 C = Vault XP percentage of total XP
 D = Non-vault monster count
 E = Vault monster count
 F = Vault count percentage of total count
                 A         B        C        D         E       F
            +---------+---------+-------+---------+---------+-------
      Total |    4728 |    1627 |  25.6 |     157 |      64 |  29.0
            +---------+---------+-------+---------+---------+-------
        D:1 |      41 |       0 |   0.0 |      23 |       0 |   0.0
        D:2 |      63 |       0 |   0.0 |      25 |       0 |   0.0
        D:3 |      78 |       0 |   0.0 |      17 |       0 |   0.0
        D:4 |     597 |     100 |  14.3 |      38 |       1 |   2.6
        D:5 |     520 |     752 |  59.1 |      14 |       3 |  17.6
        D:6 |     549 |     136 |  19.9 |       6 |       7 |  53.8
        D:7 |    1193 |     379 |  24.1 |      12 |       1 |   7.7
        D:8 |    1687 |      12 |   0.7 |      22 |       5 |  18.5
      Sewer |       0 |     241 | 100.0 |       0 |      41 | 100.0
    Ossuary |       0 |       7 | 100.0 |       0 |       6 | 100.0
            +---------+---------+-------+---------+---------+-------

Illustrated notes

Table legend:
 A = Kills in this place as a percentage of kills in the entire game.
 B = Kills by you in this place as a percentage of kills by you in the entire game.
 C = Kills by friends in this place as a percentage of kills by friends in the entire game.
 D = Other kills in this place as a percentage of other kills in the entire game.
 E = Experience gained in this place as a percentage of experience gained in the entire game.
 F = Experience gained in this place divided by the number of levels of this place that you have seen.
                   A       B       C       D       E      F
               +-------+-------+-------+-------+-------+----------------------
         Total | 100.0 | 100.0 | 100.0 | 100.0 | 100.0 | 577.7
       Dungeon |  78.7 |  81.2 |  62.1 | 100.0 |  96.1 | 763.4
         Sewer |  18.6 |  15.7 |  37.9 |   0.0 |   3.8 | 241.0
       Ossuary |   2.7 |   3.1 |   0.0 |   0.0 |   0.1 |   7.0
               +-------+-------+-------+-------+-------+----------------------

Table legend: (Time is in decaauts)
 A = Elapsed time spent in this place.
 B = Non-inter-level travel time spent in this place.
 C = Inter-level travel time spent in this place.
 D = Time resting spent in this place.
 E = Time spent auto-exploring this place.
 F = Levels seen in this place.
 G = Mean time per level.
                   A        B        C        D        E       F      G
               +--------+--------+--------+--------+--------+-----+--------+
         Total |   9337 |   8976 |    361 |   1184 |   5594 |  11 |  848.8 |
       Dungeon |   8816 |   8464 |    352 |   1149 |   5492 |   8 | 1102.0 |
        Temple |     66 |     57 |      9 |      0 |     48 |   1 |   66.0 |
         Sewer |    382 |    382 |      0 |     35 |     54 |   1 |  382.0 |
       Ossuary |     72 |     72 |      0 |      0 |      0 |   1 |   72.0 |
               +--------+--------+--------+--------+--------+-----+--------+

Top non-repeatable levels by time:
     D:4: 1460 daAuts
     D:5: 1385 daAuts
     D:1: 1262 daAuts
     D:3: 976 daAuts
     D:8: 969 daAuts
     D:7: 949 daAuts
     D:2: 911 daAuts
     D:6: 903 daAuts
   Sewer: 382 daAuts
 Ossuary: 72 daAuts
  Temple: 66 daAuts
